 Dungeon Sprint DCSS version 0.23.2 (webtiles) character file.

Game seed: 11193334355863393113

1000000 Fang the Warrior (level 12, -3/113 HPs)
             Began as a Demonspawn Gladiator on Apr 2, 2019.
             Was a Follower of Makhleb.
             Slain by a bag of meat
             ... wielding a +9 war axe
              (27 damage)
             ... in the Dungeon (Sprint VIII: "Arena of Blood").
             The game lasted 00:00:10 (10 turns).

Fang the Warrior (Demonspawn Gladiator)               Turns: 10, Time: 00:00:10

Health: -3/113     AC: 13    Str: 21    XL:     12   Next: 96%
Magic:  12/12      EV: 22    Int:  9    God:    Makhleb [*.....]
Gold:   0          SH:  0    Dex: 14    Spells: 11/11 levels left

rFire    . . .     SeeInvis .   l - +∞ Axe of Woe
rCold    + . .     Gourm    .   (shield currently unavailable)
rNeg     . . .     Faith    .   b - +0 leather armour
rPois    .         Spirit   .   c - +0 helmet
rElec    .         Reflect  .   (no cloak)
rCorr    .         Harm     .   (no gloves)
MR       .....     NoTele   +   (no boots)
Stlth    +.........             (no amulet)
HPRegen  0.28/turn              (no ring)
MPRegen  0.13/turn              (no ring)

@: sanguine armour
A: hooves 2, cold resistance 1, rot immunity, freezing cloud immunity, sanguine
armour 2
a: Renounce Religion


You were in the Dungeon.
You worshipped Makhleb.
Makhleb was aware of your devotion.
You were not hungry.

You visited 1 branch

Inventory:

Hand Weapons
 a - a +0 war axe
 l - the +∞ Axe of Woe (weapon)
   (You found it in the Dungeon)
Missiles
 d - 3 throwing nets (quivered)
Armour
 b - a +0 leather armour (worn)
 c - a +0 helmet (worn)
Scrolls
 k - a scroll of blinking
Potions
 e - a potion of curing
 g - a potion of heal wounds
 h - a potion of haste
 i - 2 potions of magic
 j - a potion of berserk rage
Comestibles
 f - a ration


   Skills:
 + Level 16.7 Fighting
 + Level 15.6 Axes
 + Level 15.5 Throwing
 + Level 15.6 Dodging


You had 11 spell levels left.
You didn't know any spells.
Your spell library was empty.

Dungeon Overview and Level Annotations

Branches:
Dungeon (1/1)

Altars:
Makhleb


Innate Abilities, Weirdness & Mutations

You have hoof-like feet.
Your flesh is cold resistant. (rC+)
You are immune to rotting.
You are immune to freezing clouds.
When seriously injured, your bleeding wounds create thick armour. (AC +9)


Message History

You have reached level 10!
You have reached level 11!
You slice the bag of meat!! You chop the bag of meat into pieces.
You kill the bag of meat!
Makhleb accepts your kill.
You can now gain health from killing.
Your Fighting skill gained 2 levels and is now at level 16!
Your Axes skill gained 2 levels and is now at level 15!
Your Throwing skill gained 2 levels and is now at level 15!
Your Dodging skill gained 2 levels and is now at level 15!
You have reached level 12!
Your experience leads to an increase in your attributes!
Increase (S)trength, (I)ntelligence, or (D)exterity?
You feel stronger. x2; Your demonic ancestry asserts itself...
You feel less concerned about cold.
Your blood congeals into armour.
You hear a shout! x10
A bag of meat comes into view. It is wielding a +9 war axe.
You hear a shout! x2
The bag of meat hits you with a +9 war axe!!
You die...

..........
...........
..o...... #.....
.# .. #.... ..#
...###... ..###.
.......)###......
#...ooo@._.......
......#.....#....
..... #_.<._# .
.... #o....# #..
....._.....
........###......
. .###... ..###o
#.o. ..# #.. ..#


You could see 6 bags of meat.

Vanquished Creatures
  2 orcs (D)
2 creatures vanquished.

Notes
Turn   | Place    | Note
-------+----------+-------------------------------------------
     0 | D        | Found the +∞ Axe of Woe
     0 | D        | Fang the Demonspawn Gladiator began the quest for the Orb.
     0 | D        | Reached XP level 1. HP: 16/16 MP: 1/1
     4 | D        | Became a worshipper of Makhleb the Destroyer
     4 | D        | Noticed a bag of meat
     4 | D        | Noticed a bag of meat
     5 | D        | Noticed a bag of meat
     5 | D        | Noticed a bag of meat
     6 | D        | Noticed a bag of meat
     6 | D        | Noticed a bag of meat
     9 | D        | Noticed a bag of meat
     9 | D        | Noticed a bag of meat
    10 | D        | Killed a bag of meat
    10 | D        | Reached skill level 14 in Fighting
    10 | D        | Gained mutation: You have large cloven feet. [demonic
                  | ancestry]
    10 | D        | Reached XP level 2. HP: 9/43 MP: 2/2
    10 | D        | Gained mutation: When seriously injured, your bleeding
                  | wounds create armour. (AC +9) [demonic ancestry]
    10 | D        | Reached XP level 3. HP: 10/49 MP: 3/3
    10 | D        | Gained mutation: Your flesh is cold resistant. (rC+)
                  | [demonic ancestry]
    10 | D        | Reached XP level 4. HP: 11/56 MP: 4/4
    10 | D        | Reached XP level 5. HP: 13/62 MP: 5/5
    10 | D        | Gained mutation: You have hoof-like feet. [demonic
                  | ancestry]
    10 | D        | Reached XP level 6. HP: 14/69 MP: 6/6
    10 | D        | Gained mutation: You are immune to rotting. [demonic
                  | ancestry]
    10 | D        | Reached XP level 7. HP: 15/75 MP: 7/7
    10 | D        | Reached XP level 8. HP: 17/82 MP: 8/8
    10 | D        | Gained mutation: When seriously injured, your bleeding
                  | wounds create thick armour. (AC +9) [demonic ancestry]
    10 | D        | Reached XP level 9. HP: 18/88 MP: 9/9
    10 | D        | Reached XP level 10. HP: 20/95 MP: 10/10
    10 | D        | Reached XP level 11. HP: 21/101 MP: 11/11
    10 | D        | Killed a bag of meat
    10 | D        | Reached * piety under Makhleb
    10 | D        | Reached skill level 16 in Fighting
    10 | D        | Reached skill level 15 in Axes
    10 | D        | Reached skill level 15 in Throwing
    10 | D        | Reached skill level 15 in Dodging
    10 | D        | Gained mutation: You are immune to freezing clouds.
                  | [demonic ancestry]
    10 | D        | Reached XP level 12. HP: 23/113 MP: 12/12
    10 | D        | Noticed a bag of meat
    10 | D        | Slain by a bag of meat

Skill      XL: |  1  2  3  4  5  6  7  8  9 10 11 |
---------------+----------------------------------+-----
Fighting       | 14 16 | 16.7
Axes           | 13 15 | 15.6
Throwing       | 13 15 | 15.5
Dodging        | 13 15 | 15.6

Action                   |  1- 3 |  4- 6 |  7- 9 | 10-12 || total
-------------------------+-------+-------+-------+-------++-------
Melee: Executioner's axe |     1 |       |       |       ||     1
